 Dungeon Crawl Stone Soup version 0.27-a0-1391-g48c30b3128 (webtiles) character file.

Game seed: 11621797693259831593

568 Nattfarinn the Thaumaturge (level 7, -1/36 HPs)
             Began as a Deep Elf Conjurer on July 1, 2021.
             Slain by an orc warrior (16 damage)
             ... on level 4 of the Dungeon.
             The game lasted 00:08:21 (4576 turns).

Nattfarinn the Thaumaturge (Deep Elf Conjurer)      Turns: 4576, Time: 00:08:22

Health: -1/36      AC:  4    Str:  4    XL:     7   Next: 11%
Magic:  18/21      EV: 12    Int: 31    God:
Gold:   206        SH:  0    Dex: 13    Spells: 20/23 levels left

rFire    . . .     SeeInvis .   b - staff of conjuration
rCold    . . .     Faith    .   (no shield)
rNeg     . . .     Spirit   .   a - +0 robe
rPois    .         Reflect  .   o - +0 helmet
rElec    .         Harm     .   c - +0 cloak
rCorr    .         Rampage  .   (no gloves)
Will     +....                  (no boots)
Stlth    ++........             u - amulet of magic regeneration
HPRegen  0.12/turn              j - +6 ring of intelligence
MPRegen  0.42/turn              k - ring of willpower

@: no status effects
A: no striking features
a: no special abilities


You were on level 4 of the Dungeon.
You visited 1 branch of the dungeon, and saw 5 of its levels.

You collected 206 gold pieces.

Inventory:

Hand Weapons
 e - a +1 dagger of venom
Missiles
 g - 2 throwing nets
Armour
 a - a +0 robe (worn)
 c - a +0 cloak (worn)
 o - a +0 helmet (worn)
 q - a +1 chain mail of poison resistance
Magical Staves
 b - a staff of conjuration (weapon)
Jewellery
 j - a +6 ring of intelligence (left hand)
 k - a ring of willpower (right hand)
 u - an amulet of magic regeneration (around neck)
Wands
 m - a wand of iceblast (7)
 v - a wand of flame (17)
Scrolls
 h - a scroll of blinking
 l - a scroll of amnesia
 n - a scroll of teleportation
 r - a scroll of enchant weapon
 t - a scroll of fog {unknown}
Potions
 d - a potion of heal wounds
 f - 4 potions of resistance {unknown}
 i - 4 potions of mutation {unknown}
 p - 2 potions of might {unknown}
 s - a potion of haste {unknown}


   Skills:
 - Level 2.4 Dodging
 - Level 2.4 Stealth
 * Level 8.5 Spellcasting
 + Level 6.6 Conjurations


You had 20 spell levels left.
You knew the following spells:

 Your Spells              Type           Power      Damage    Failure   Level
a - Magic Dart            Conj           100%       1d8       1%          1
b - Searing Ray           Conj           100%       3d7       1%          2

Your spell library contained the following spells:

 Spells                   Type           Power      Damage    Failure   Level
 Corona                   Hex            14%        N/A       3%          1
 Dazzling Flash           Conj/Hex       100%       N/A       3%          3
 Ensorcelled Hibernation  Hex/Ice        26%        N/A       6%          2
 Fulminant Prism          Conj/Hex       25%        3d14      10%         4
 Iskenderun's Mystic Bla  Conj/Tloc      50%        2d11      10%         4
 Confusing Touch          Hex            13%        N/A       12%         3
 Tukima's Dance           Hex            13%        N/A       12%         3


Dungeon Overview and Level Annotations

Branches:
Dungeon (5/15)
 Temple: D:4-7

Altars:

Shops:
D:4 (

Annotations:
D:3 2 transporters


Message History

The orc shouts!
You feel a surge of power!
The magic dart hits the orc!
You kill the orc!
An orc warrior comes into view. It is wielding a +0 war axe.
You feel a surge of power!
The magic dart hits the orc warrior but does no damage.
The orc warrior shouts!
You feel a surge of power!
The magic dart hits the orc warrior but does no damage.
You feel a surge of power!
The magic dart hits the orc warrior but does no damage.
An orc comes into view. It is wielding a +0 dagger.
You feel a surge of power!
The magic dart hits the orc warrior but does no damage.
The orc shouts!
You feel a surge of power!
The magic dart hits the orc warrior but does no damage.
You see here an adder skeleton.
There is a stone staircase leading down here.
Okay, then.
There is a stone staircase leading up here.
The orc warrior hits you with a +0 war axe!
You climb upwards.
There is a stone staircase leading down here.
Casting: Magic Dart (safe; 1% risk of failure)
Confirm with . or Enter, or press ? or * to list all spells.
Aiming: Searing Ray (safe; 1% risk of failure)
Press: ? - help, Shift-Dir - straight line, f - orc warrior
Aim: an orc warrior, wielding a +0 war axe and wearing a +0 plate armour (83% to hit)
You feel a surge of power!
The searing ray hits the orc warrior!
The orc warrior is heavily wounded. (Press . to maintain the ray.)
The orc warrior barely misses you.
The searing ray hits the orc warrior.
The orc warrior is heavily wounded.
The orc warrior hits you with a +0 war axe!
The searing ray hits the orc warrior!
The orc warrior is almost dead.
The orc warrior hits you with a +0 war axe!
You die...

###........## ##.##
#...# # ##......## ##.#
##..# ####..)...# #.#
##...# ..........# ##.#
#...## ..........# #.##
##.### #######...##
#.## ##.## #....##
##..####.##
##.....####...##..##
###
##..(...>..o@......#
##.. #
##..####...........##
##... # ##..##
#########...#######...#
###..## ##..........###
....## ###....#####
....# ######
#...########
#..........##
##.....##...##


You could see an orc warrior.

Vanquished Creatures
  A phantom (D:2)
  Blork the orc (D:5)
  A scorpion (D:5)
  A centaur zombie (D:5)
  A bullfrog skeleton (D:5)
  A jelly (D:4)
  Ijyb (D:4)
  An orc wizard (D:5)
  Robin (D:4)
  5 gnolls
  8 adders
  A worm (D:4)
  4 dart slugs
  9 orcs
  7 ball pythons
  3 endoplasms
  3 giant cockroaches
  14 goblins
  5 hobgoblins
  4 jackals (D:1)
  8 kobolds
  7 quokkas
  4 bats
  A frilled lizard (D:2)
  A jackal skeleton (D:4)
  5 rats
98 creatures vanquished.

Notes
Turn   | Place    | Note
-------+----------+-------------------------------------------
     0 | D:1      | Nattfarinn the Deep Elf Conjurer began the quest for the
                  | Orb.
     0 | D:1      | Reached XP level 1. HP: 10/10 MP: 6/6
   196 | D:1      | Reached XP level 2. HP: 15/15 MP: 6/8
   459 | D:1      | Reached skill level 4 in Spellcasting
   467 | D:1      | Reached XP level 3. HP: 19/19 MP: 0/10
   616 | D:1      | Reached skill level 5 in Conjurations
   670 | D:1      | Learned a level 2 spell: Searing Ray
  1225 | D:2      | Noticed a phantom
  1231 | D:2      | Killed a phantom
  1232 | D:2      | Reached skill level 5 in Spellcasting
  1232 | D:2      | Reached XP level 4. HP: 23/24 MP: 3/13
  1483 | D:2      | Reached XP level 5. HP: 28/28 MP: 13/15
  1989 | D:3      | Reached skill level 6 in Spellcasting
  2386 | D:3      | Found a transporter.
  2397 | D:3      | Found a transporter.
  3041 | D:4      | Reached skill level 7 in Spellcasting
  3042 | D:4      | Reached XP level 6. HP: 32/32 MP: 15/18
  3043 | D:4      | Noticed Robin
  3049 | D:4      | Killed Robin
  3133 | D:4      | Identified a scroll of acquirement
  3136 | D:4      | Acquired a staff of conjuration
  3154 | D:4      | Noticed Ijyb
  3160 | D:4      | Killed Ijyb
  3327 | D:4      | Found Vah Won's Antique Weapon Shoppe.
  3461 | D:4      | Acquired an amulet of magic regeneration
  4069 | D:5      | Entered Level 5 of the Dungeon
  4183 | D:5      | Noticed Blork the orc
  4203 | D:5      | Reached skill level 8 in Spellcasting
  4206 | D:5      | Killed Blork the orc
  4449 | D:5      | Reached XP level 7. HP: 31/36 MP: 13/20
  4576 | D:4      | Slain by an orc warrior

Illustrated notes

Levels and vault maps discovered:
D:1:      minmay_arrival_jagged, layout_rooms, minmay_misc_feat_alley
D:2:      layout_basic
D:3:      gammafunk_wand_slinger, layout_basic
D:4:      layout_layer_cave, serial_shops, shop, minmay_fractal_squares_5,
          uniq_robin, uniq_ijyb
D:5:      minmay_polygon_palace, layout_cave_pods, serial_column_ruins,
          column_ruins_temple_hall, column_ruins_grid_4, column_ruins_grid_2,
          column_ruins_open_medium, column_ruins_open_tiny_water,
          column_ruins_open_small, uniq_blork_the_orc

Skill      XL: |  1  2  3  4  5  6 |
---------------+-------------------+-----
Spellcasting   | 4 5 7 8 |  8.5
Conjurations   | 5 6 |  6.6
Dodging        | |  2.4
Stealth        | |  2.4

Action                   |  1- 3 |  4- 6 |  7- 9 || total
-------------------------+-------+-------+-------++-------
 Cast: Magic Dart        |    60 |   151 |    10 ||   221
       Searing Ray       |     3 |     3 |     1 ||     7
Evoke: Wand              |       |     2 |       ||     2
  Use: Scroll            |     1 |     8 |       ||     9
Armor: Robe              |       |     5 |       ||     5
Dodge: Dodged            |     7 |    17 |     1 ||    25

Table legend: (Time is in decaauts)
 A = Elapsed time spent in this place.
 B = Non-inter-level travel time spent in this place.
 C = Inter-level travel time spent in this place.
 D = Time resting spent in this place.
 E = Time spent auto-exploring this place.
 F = Levels seen in this place.
 G = Mean time per level.
                   A        B        C        D        E       F      G
               +--------+--------+--------+--------+--------+-----+--------+
         Total |   4573 |   4380 |    193 |    594 |   3263 |   5 |  914.6 |
       Dungeon |   4573 |   4380 |    193 |    594 |   3263 |   5 |  914.6 |
               +--------+--------+--------+--------+--------+-----+--------+

Top non-repeatable levels by time:
     D:4: 1312 daAuts
     D:2: 1026 daAuts
     D:3: 872 daAuts
     D:1: 861 daAuts
     D:5: 499 daAuts
